 Dungeon Crawl Stone Soup version 0.28-a0-883-gc8d7bad45d (webtiles) character file.

Game seed: 16725764641070982256

529 bande the Chopper (level 7, -1/44 HPs)
             Began as a Gargoyle Fighter on Nov 21, 2021.
             Slain by a wight (8 damage)
             ... on level 4 of the Dungeon.
             The game lasted 00:05:36 (3873 turns).

bande the Chopper (Gargoyle Fighter)                Turns: 3873, Time: 00:05:37

Health: -1/44      AC: 13    Str: 21    XL:     7   Next: 23%
Magic:  6/6        EV:  7    Int:  8    God:
Gold:   146        SH:  4    Dex: 10    Spells: 6/6 levels left

rFire   . . .      SeeInvis .   a - +0 war axe
rCold   . . .      Faith    .   c - +0 buckler
rNeg    + . .      Spirit   .   f - +0 chain mail
rPois   ∞          Reflect  .   l - +0 helmet
rElec   +          Harm     .   (no cloak)
rCorr   .          Rampage  .   (no gloves)
Will    .....                   (no boots)
Stlth   ..........              (no amulet)
HPRegen 0.14/turn               g - +4 ring of slaying
MPRegen 0.10/turn               (no ring)

@: no status effects
A: sickness immunity, AC +4, negative energy resistance 1, electricity
resistance, torment resistance 1, petrification resistance, iridescent scales 1,
deformed body, low mp 1
a: no special abilities


You were on level 4 of the Dungeon.
You visited 1 branch of the dungeon, and saw 4 of its levels.
You also visited: Ossuary.

You collected 146 gold pieces.

Inventory:

Hand Weapons
 a - a +0 war axe (weapon)
 k - a +0 mace of protection
Missiles
 b - 2 throwing nets (quivered)
Armour
 c - a +0 buckler (worn)
 f - a +0 chain mail (worn)
 l - a +0 helmet (worn)
 o - a +1 hat
Jewellery
 g - a +4 ring of slaying (left hand)
Scrolls
 h - a scroll of fear
 n - 3 scrolls of teleportation
 u - a scroll of fog
Potions
 d - a potion of might
 e - a potion of attraction {unknown}
 i - a potion of magic {unknown}
 j - 2 potions of ambrosia {unknown}
 m - 3 potions of curing {unknown}
 p - a potion of lignification {unknown}
 q - a potion of cancellation {unknown}
 r - a potion of resistance {unknown}
 s - a potion of brilliance {unknown}
 t - a potion of haste {unknown}


   Skills:
 + Level 4.6 Fighting
 + Level 5.2 Axes
 + Level 4.7 Armour
 + Level 4.2 Shields


You had 6 spell levels left.
You didn't know any spells.
Your spell library contained the following spells:

 Spells                   Type           Power      Damage    Failure   Level
 Passwall                 Tmut/Erth      0%         N/A       99%         2
 Static Discharge         Conj/Air       0%         N/A       99%         2
 Leda's Liquefaction      Hex/Erth       0%         N/A       100%        4
 Maxwell's Capacitive Co  Air            0%         ∞         100%        8


Dungeon Overview and Level Annotations

Branches:
Dungeon (4/15)            Ossuary (visited)
 Temple: D:4-7

Altars:
Nemelex Xobeh
Vehumet


Innate Abilities, Weirdness & Mutations

You are immune to sickness and miasma.
Your stone body is resilient. (AC +4)
You are immune to poison.
You resist negative energy. (rN+)
You are resistant to electric shocks. (rElec)
You are resistant to unholy torment.
You are immune to petrification.
You are partially covered in iridescent scales. (AC +2)
Armour fits poorly on your strangely shaped body.
Your magical capacity is low. (-10% MP)


Message History

You open the door.
There is an open door here.
A wight comes into view. It is wielding a +3 dire flail.
A wight is nearby!
A wight comes into view. It is wielding a +1 battleaxe.
A wight comes into view. It is wielding a +0 scimitar.
The wight hits you with a +3 dire flail!
You hit the wight but do no damage.
The wight hits you with a +3 dire flail!
The wight hits you but does no damage. The wight barely misses you.
You slash the wight!
The wight is severely damaged.
You hit the wight. The wight hits you but does no damage.
You block the wight's attack.
You barely miss the wight.
The wight is severely damaged.
You closely miss the wight. The wight hits you with a +1 battleaxe!
You are too injured to fight recklessly!
You are too injured to fight recklessly!
You are too injured to fight recklessly!
You are too injured to fight recklessly!
You are too injured to fight recklessly!
You are too injured to fight recklessly!
You are too injured to fight recklessly!
You are too injured to fight recklessly!
You are too injured to fight recklessly!
Unknown command.
You slash the wight!
The wight is severely damaged.
You hit the wight but do no damage. You block the wight's attack.
The wight closely misses you.
You hit the wight but do no damage. You slash the wight!
You destroy the wight!
You barely miss the wight.
The wight hits you with a +3 dire flail!
* * * LOW HITPOINT WARNING * * *
The wight hits you with a +0 scimitar.
* * * LOW HITPOINT WARNING * * *
The wight hits you with a +3 dire flail!
You die...

#.# #.# ### #.# ....
#.# .....####### #.#
...........#####.#
#######........)z###
§≈≈≈§..###.#####@z.#
..§.§≈.# #.# #.#.#
.≈§≈.≈.###'#####.# #
≈...≈§.#.......#.#
≈._.≈≈.#.......#.#
≈...≈≈.#.......#.#
.≈§≈.≈.#.......#.#
...§.≈.#.......'.#
§≈§≈§..#.......###


You could see 2 wights.

Vanquished Creatures
  A water moccasin (D:4)
  An ogre (D:4)
  2 water moccasin zombies (Ossuary)
  A wight (D:4)
  A hound (D:4)
  Terence (D:3)
  An orc wizard (D:3)
  2 mummies (Ossuary)
  2 adders
  2 ufetubi
  5 adder zombies (Ossuary)
  2 worms (D:3)
  A dart slug (D:3)
  4 orcs (D:3)
  8 endoplasms
  A giant cockroach (D:1)
  4 gnoll zombies (Ossuary)
  2 hobgoblins
  3 jackals (D:1)
  3 kobolds
  3 quokkas
  3 ball pythons
  3 bats
  3 frilled lizards
  5 goblins
  6 hobgoblin zombies (Ossuary)
  4 kobold zombies (Ossuary)
  2 orc zombies (Ossuary)
  4 rats
80 creatures vanquished.

Vanquished Creatures (others)
  A plant (D:2)
1 creature vanquished.

Grand Total: 81 creatures vanquished

Notes
Turn   | Place    | Note
-------+----------+-------------------------------------------
     0 | D:1      | bande the Gargoyle Fighter began the quest for the Orb.
     0 | D:1      | Reached XP level 1. HP: 14/14 MP: 1/1
   490 | D:1      | Reached XP level 2. HP: 19/19 MP: 2/2
   525 | D:1      | Reached skill level 2 in Axes
   758 | D:1      | Found a faded altar of an unknown god.
  1069 | D:2      | Reached XP level 3. HP: 20/23 MP: 3/3
  1143 | D:2      | Found a sparkling altar of Nemelex Xobeh.
  1693 | D:2      | Gained mutation: You have a pair of small horns on your
                  | head. [potion of mutation]
  1693 | D:2      | Lost mutation: You have a pair of small horns on your head.
                  | [potion of mutation]
  1693 | D:2      | Gained mutation: You have a pair of small antennae on your
                  | head. [potion of mutation]
  1694 | D:2      | Lost mutation: You have a pair of small antennae on your
                  | head. [potion of mutation]
  1694 | D:2      | Gained mutation: You have hidden genetic defects. [potion
                  | of mutation]
  1694 | D:2      | Gained mutation: You are partially covered in iridescent
                  | scales. (AC +2) [potion of mutation]
  1760 | D:3      | Gained mutation: Your magical capacity is low. (-10% MP)
                  | [hidden defects]
  1875 | D:3      | Gained mutation: Armour fits poorly on your strangely
                  | shaped body. [hidden defects]
  1875 | D:3      | Lost mutation: You have hidden genetic defects. [hidden
                  | defects expressed]
  2250 | D:3      | Reached skill level 3 in Axes
  2250 | D:3      | Reached XP level 4. HP: 25/29 MP: 3/3
  2641 | D:3      | Noticed Terence
  2648 | D:3      | Killed Terence
  2993 | D:3      | Reached XP level 5. HP: 33/33 MP: 4/4
  3207 | D:4      | Found a sand-covered staircase.
  3207 | D:4      | Noticed an ogre
  3214 | D:4      | Killed an ogre
  3215 | D:4      | Reached skill level 4 in Axes
  3215 | D:4      | Reached XP level 6. HP: 18/38 MP: 5/5
  3225 | D:4      | Noticed a water moccasin
  3233 | D:4      | Killed a water moccasin
  3237 | Ossuary  | Entered an ossuary
  3585 | Ossuary  | Reached skill level 5 in Axes
  3585 | Ossuary  | Reached XP level 7. HP: 39/44 MP: 6/6
  3758 | Ossuary  | Got the Volume of Flying Clay
  3832 | D:4      | Found a radiant altar of Vehumet.
  3873 | D:4      | Slain by a wight

Illustrated notes

Levels and vault maps discovered:
D:1:      dpeg_arrival_round_b, layout_loops_cross,
          dreamdust_ecumenical_altar_grove, serial_bayou_ford_a,
          minmay_misc_feat_doors, grunt_decor_fettered
D:2:      layout_rooms, basic_altar, chequers_big_river
D:3:      layout_basic, uniq_terence
D:4:      layout_basic, mainiacjoe_overflow_paths,
          minmay_temple_entry_statues_fountains, enter_ossuary_1,
          hangedman_decor_opposing, minmay_ruptured

Skill      XL: |  1  2  3  4  5  6 |
---------------+-------------------+-----
Axes           | 2 3 4 5 |  5.2
Armour         | 4 |  4.7
Fighting       | 4 |  4.6
Shields        | 4 |  4.2

Action                   |  1- 3 |  4- 6 |  7- 9 || total
-------------------------+-------+-------+-------++-------
Melee: War axe           |   129 |    86 |    29 ||   244
  Use: Scroll            |     6 |       |     1 ||     7
       Potion            |     2 |     1 |       ||     3
Armor: Scale mail        |    60 |       |       ||    60
       Chain mail        |    23 |    61 |     8 ||    92
Dodge: Dodged            |    58 |    36 |    11 ||   105
Block: Buckler           |    33 |    16 |     7 ||    56

Table legend: (Time is in decaauts)
 A = Elapsed time spent in this place.
 B = Non-inter-level travel time spent in this place.
 C = Inter-level travel time spent in this place.
 D = Time resting spent in this place.
 E = Time spent auto-exploring this place.
 F = Levels seen in this place.
 G = Mean time per level.
                   A        B        C        D        E       F      G
               +--------+--------+--------+--------+--------+-----+--------+
         Total |   3970 |   3942 |     28 |    529 |   2701 |   5 |  794.0 |
       Dungeon |   3423 |   3395 |     28 |    278 |   2522 |   4 |  855.8 |
       Ossuary |    547 |    547 |      0 |    251 |    179 |   1 |  547.0 |
               +--------+--------+--------+--------+--------+-----+--------+

Top non-repeatable levels by time:
     D:3: 1508 daAuts
     D:1: 1066 daAuts
     D:2: 685 daAuts
 Ossuary: 547 daAuts
     D:4: 162 daAuts
